 Dungeon Crawl Stone Soup version 0.25.1-2-g60ff931df9 (webtiles) character file.

Game seed: 13657023195068565144

721 Delamore the Cudgeler (level 7, -9/44 HPs)
             Began as a Gargoyle Fighter on Oct 14, 2020.
             Killed by divine providence
             ... invoked by an orc priest
              (13 damage)
             ... on level 4 of the Dungeon.
             The game lasted 00:04:04 (3481 turns).

Delamore the Cudgeler (Gargoyle Fighter)            Turns: 3481, Time: 00:04:05

Health: -9/44      AC: 18    Str: 21    XL:     7   Next: 70%
Magic:  7/7        EV:  5    Int:  9    God:
Gold:   131        SH:  9    Dex:  9    Spells: 6/6 levels left

rFire    . . .     SeeInvis .   x - +1 whip (pain)
rCold    . . .     Gourm    .   c - +0 kite shield
rNeg     + . .     Faith    .   v - +0 chain mail
rPois    ∞         Spirit   .   g - +0 helmet
rElec    +         Reflect  .   (no cloak)
rCorr    .         Harm     .   (no gloves)
MR       .....                  k - +2 pair of boots
Stlth    ..........             (no amulet)
HPRegen  0.14/turn              (no ring)
MPRegen  0.10/turn              (no ring)

@: brilliant
A: negative energy resistance 1, electricity resistance, unbreathing,
petrification resistance, rot immunity, AC +4
a: no special abilities


You were on level 4 of the Dungeon.
You were not hungry.

You visited 1 branch of the dungeon, and saw 4 of its levels.

You collected 131 gold pieces.

Inventory:

Hand Weapons
 a - a +0 flail
 x - a +1 whip of pain (weapon)
Armour
 b - a +0 scale mail
 c - a +0 kite shield (worn)
 g - a +0 helmet (worn)
 k - a +2 pair of boots (worn)
 v - a +0 chain mail (worn)
Wands
 p - a wand of disintegration (3)
Scrolls
 e - 3 scrolls of blinking
 l - 2 scrolls of amnesia
 m - 2 scrolls of random uselessness
 n - 3 scrolls of magic mapping
 o - 5 scrolls of teleportation
 t - a scroll of fear
Potions
 d - 2 potions of might
 h - 2 potions of haste
 j - a potion of brilliance
 q - 2 potions of lignification {unknown}
 r - 2 potions of flight {unknown}
 s - a potion of curing {unknown}
 u - a potion of mutation {unknown}
 w - a potion of magic {unknown}
Comestibles
 f - 6 rations
 i - 10 chunks of flesh


   Skills:
 - Level 5.0 Fighting
 + Level 6.9 Maces & Flails
 - Level 3.2 Armour
 - Level 5.0 Shields


You had 6 spell levels left.
You didn't know any spells.
Your spell library was empty.

Dungeon Overview and Level Annotations

Branches:
Dungeon (4/15)
 Temple: D:4-7

Altars:


Innate Abilities, Weirdness & Mutations

You are resistant to torment.
Your stone body is resilient. (AC +4)
You are immune to poison.
You resist negative energy. (rN+)
You are resistant to electric shocks. (rElec)
You can survive without breathing.
You are immune to petrification.
You are immune to rotting.


Message History

You barely miss the orc.
The orc is heavily wounded.
You block the orc's attack.
You hit the orc.
The orc is heavily wounded.
The orc hits you but does no damage.
You hit the orc.
You kill the orc!
Your shield and chain mail prevent you from hitting the orc.
You block the orc's attack.
The orc priest mumbles some strange prayers to Beogh against you.
Beogh smites you!
* * * LOW HITPOINT WARNING * * *
You closely miss the orc.
It was a potion of brilliance.
You feel clever all of a sudden. The orc hits you but does no damage.
The orc priest calls down the wrath of Beogh upon you.
Beogh smites you!
You die...

##.##$
#.#.#####.###.....
##...#.####.#.#
#.#.......
#.............#
#.#.#.....
...[........###
#.........
#......####.#
#......†..
........o...#
#.#.###...
##.##oo#.###
#####.#.# ##.#
#oo#o#####.......#
#.#
#.o#oo@........###
#.#
...#######...###
#.# #.#.# ##.##
#.# #.#(# #. #.#
#.#.# # #.#.#


You could see an orc priest and 2 orcs.

Vanquished Creatures
  Sigmund (D:3)
  A gnoll sergeant (D:3)
  A scorpion (D:4)
  A bullfrog skeleton (D:2)
  A hound (D:4)
  2 orc wizards
  Terence (D:3)
  An iguana (D:4)
  A worker ant (D:4)
  Robin (D:3)
  5 gnolls
  10 adders
  2 oozes
  A worm (D:3)
  3 dart slugs
  3 leopard geckos
  6 orcs
  3 giant cockroaches
  15 goblins
  9 hobgoblins
  6 jackals
  A ball python (D:1)
  9 bats
  8 frilled lizards
  7 kobolds
  8 rats
107 creatures vanquished.

Notes
Turn   | Place    | Note
-------+----------+-------------------------------------------
     0 | D:1      | Delamore the Gargoyle Fighter began the quest for the Orb.
     0 | D:1      | Reached XP level 1. HP: 14/14 MP: 1/1
    69 | D:1      | Reached XP level 2. HP: 16/19 MP: 2/2
   472 | D:1      | Reached XP level 3. HP: 24/24 MP: 3/3
  1081 | D:2      | Reached XP level 4. HP: 12/29 MP: 4/4
  1274 | D:2      | Reached skill level 3 in Maces & Flails
  1659 | D:2      | Reached XP level 5. HP: 31/34 MP: 5/5
  1944 | D:3      | Noticed Sigmund
  2234 | D:3      | Reached skill level 5 in Fighting
  2234 | D:3      | Reached skill level 5 in Shields
  2234 | D:3      | Reached XP level 6. HP: 32/40 MP: 6/6
  2244 | D:2      | Reached skill level 4 in Maces & Flails
  2487 | D:3      | Killed Sigmund
  2487 | D:3      | Reached skill level 5 in Maces & Flails
  2487 | D:3      | Reached XP level 7. HP: 44/44 MP: 7/7
  2532 | D:3      | Noticed Robin
  2536 | D:3      | Noticed Terence
  2563 | D:3      | Killed Robin
  2572 | D:3      | Killed Terence
  2783 | D:3      | Reached skill level 6 in Maces & Flails
  3481 | D:4      | Killed from afar by an orc priest

Illustrated notes

Levels and vault maps discovered:
D:1:      dpeg_arrival_simpleton_a, layout_loops_corners, minmay_tromino_v4_c
D:2:      layout_rooms, first_ration, minmay_misc_feat_more_columns
D:3:      layout_rooms, uniq_robin, uniq_terence, uniq_sigmund
D:4:      layout_loops_ring

Skill      XL: |  1  2  3  4  5  6  7 |
---------------+----------------------+-----
Fighting       | 4 5 |  5.0
Shields        | 4 5 |  5.0
Maces & Flails | 3 5 6 |  6.9
Armour         | |  3.2

Action                   |  1- 3 |  4- 6 |  7- 9 || total
-------------------------+-------+-------+-------++-------
Melee: Flail             |   128 |   178 |   110 ||   416
       Whip              |       |       |    75 ||    75
Evoke: Wand              |       |     1 |       ||     1
  Use: Scroll            |       |     7 |       ||     7
       Potion            |       |       |     1 ||     1
  Eat: Chunk             |       |     6 |     3 ||     9
Armor: Scale mail        |   147 |   241 |    52 ||   440
       Chain mail        |       |       |    47 ||    47
Dodge: Dodged            |    80 |   128 |    38 ||   246
Block: Kite shield       |    99 |   197 |    95 ||   391
